 Dungeon Crawl Stone Soup version 0.20-a0-788-g5cc1a67 (webtiles) character file.

11215 M4edhros the Covert (level 11, 0/112 HPs)
             Began as an Octopode Artificer on Feb 28, 2017.
             Was an Initiate of Gozag.
             Slain by an eight-headed hydra (4 damage)
             ... on level 11 of the Dungeon.
             The game lasted 00:17:46 (12919 turns).

M4edhros the Covert (Octopode Artificer)           Turns: 12919, Time: 00:17:47

Health: 0/112      AC:  3    Str: 17    XL:     11   Next: 74%
Magic:  15/15      EV: 25    Int: 13    God:    Gozag
Gold:   799        SH:  0    Dex: 21    Spells: 10/13 levels left

rFire    . . .     SeeInvis +   o - +3 fustibalus
rCold    . . .     Gourm    .   (no shield)
rNeg     . . .     Faith    .   n - +2 hat {Int+3}
rPois    .         Spirit   .   H - necklace of Bloodlust {*Rage +Rage MR++ Int-3 Slay+6 *Curse} (curse)
rElec    .         Reflect  .   A - +3 ring of slaying
rCorr    .         Harm     .   w - ring of see invisible
MR       ++...     Rnd*Rage +   (no ring)
Stlth    ..........             (no ring)
Regen    0.3/turn               (no ring)
MPRegen  0.2/turn               (no ring)
                                (no ring)
                                (no ring)

@: agile, berserking (expiring), flying, very slightly contaminated, hasted,
very quick
A: almost no armour, stealthy swim, amphibious, 8 rings, constrict 8, camouflage
1, gelatinous body 1
a: Potion Petition, Call Merchant, Bribe Branch, Renounce Religion, Evoke
Berserk Rage


You were on level 11 of the Dungeon.
You worshipped Gozag.
Gozag was pleased with you.
You were not hungry.

You visited 3 branches of the dungeon, and saw 13 of its levels.

You collected 2487 gold pieces.
You spent 899 gold pieces at shops.
You paid 789 gold pieces to Gozag.

Inventory:

Hand Weapons
 e - a +1 dagger of speed
 j - a +0 flail of protection
 o - a +3 fustibalus (weapon)
Missiles
 D - 47 sling bullets (quivered)
 E - 163 stones
Armour
 n - a +2 hat of intelligence (worn)
Jewellery
 s - an uncursed ring of poison resistance {unknown}
 w - a ring of see invisible (right tentacle)
 x - an uncursed amulet of the gourmand
 A - a +3 ring of slaying (left tentacle)
 H - the cursed necklace of Bloodlust (around mantle) {*Rage +Rage MR++ Int-3 Slay+6 *Curse}
   (You bought it in a shop on level 6 of the Dungeon)

   [amulet of rage]

   It affects your intelligence (-3).
   It affects your accuracy and damage with ranged weapons and melee attacks
   (+6).
   It affects your resistance to hostile enchantments.
   It lets you go berserk.
   It may make you go berserk in combat.
   It curses itself when equipped.
   It has a curse placed upon it.
Wands
 a - a wand of flame (8/48)
 b - a wand of flame (0/48)
 c - a wand of enslavement (0/24)
 d - a wand of random effects (4/48)
 y - a wand of lightning (0/15)
 z - a wand of digging (10/24)
 B - a wand of clouds (2/9)
 I - a wand of iceblast (7/15)
 L - a wand of flame (33/48)
Scrolls
 f - a scroll of enchant armour
 h - 7 scrolls of remove curse
 k - 5 scrolls of teleportation
 u - a scroll of magic mapping
 K - a scroll of random uselessness {unknown}
Potions
 g - 2 potions of might {unknown}
 m - 3 potions of curing
 p - a potion of invisibility {unknown}
 q - 2 potions of brilliance
 r - a potion of haste {unknown}
 t - a potion of flight {unknown}
 v - a potion of magic {unknown}
 C - 4 potions of lignification
 F - a potion of berserk rage
Books
 J - the Guide on Igneous Displacement
   (You found it on level 10 of the Dungeon)

   Spells                             Type                      Level
   a - Apportation                    Translocation                1
   b - Shroud of Golubria             Charms/Translocation         2
   c - Portal Projectile              Hexes/Translocation          3
   d - Teleport Other                 Translocation                3
   e - Sticky Flame                   Conjuration/Fire             4
   f - Bolt of Fire                   Conjuration/Fire             6
Comestibles
 i - 7 meat rations
 l - 11 fruits
 G - 8 royal jellies


   Skills:
 + Level 7.2 Fighting
 - Level 1.0 Short Blades
 * Level 10.3 Slings
 + Level 7.7 Dodging
 - Level 12.9 Stealth
 + Level 1.8 Spellcasting
 + Level 2.2 Hexes
 + Level 2.0 Translocations
 + Level 5.7 Evocations


You had 10 spell levels left.
You knew the following spells:

 Your Spells              Type           Power        Failure   Level  Hunger
a - Portal Projectile     Hex/Tloc       #.....       34%         3    ####...


Dungeon Overview and Level Annotations

Branches:
Dungeon (11/15)            Temple (1/1) D:4            Lair (0/6) D:11
    Orc (1/2) D:10

Altars:
Ashenzari
Cheibriados
Dithmenos
Elyvilon
Fedhas
Gozag
Hepliaklqana
Kikubaaqudgha
Makhleb
Nemelex Xobeh
Okawaru
Qazlal
Ru
Sif Muna
Trog
Uskayaw
Vehumet
Wu Jian
Xom
Yredelemnul
Zin
The Shining One

Shops:
D:4 :   D:6 =


Innate Abilities, Weirdness & Mutations

You cannot wear most types of armour.
You are very stealthy in the water. (Stealth+)
You are amphibious.
You can wear up to eight rings at the same time.
You can use your tentacles to constrict eight enemies at once.
Your skin changes colour to match your surroundings (Stealth+).
Your rubbery body absorbs attacks. (AC +1, EV +1)


Message History

The eight-headed hydra completely misses you. x3
The eight-headed hydra barely misses you.
The eight-headed hydra misses you.
The eight-headed hydra barely misses you.
The eight-headed hydra misses you.
You barely miss the eight-headed hydra.
The eight-headed hydra is severely wounded.
The eight-headed hydra misses you. x2
The eight-headed hydra completely misses you. x2
The eight-headed hydra bites you!
* * * LOW HITPOINT WARNING * * *
The eight-headed hydra bites you but does no damage.
The eight-headed hydra misses you. x2
You barely miss the eight-headed hydra.
The eight-headed hydra is severely wounded.
The eight-headed hydra bites you.
* * * LOW HITPOINT WARNING * * *
The eight-headed hydra bites you.
You die...
Your body crumbles into a pile of gold.

#PPPPPPPPP###.$### .#
#.## ##.. ###########
##.<.##h# #.# ##.
###$.($# #.# #. ##$.##
#.# #.
########§..#####.######.
......§§$..((...........
######§§##.####.######.
#D###.# #.# #. #@#
#.####.# ## #D# #.##<..#
. #.# #>##.### # #.$..#
#....# #.D.#### ####..
### #.# #.# #.. #.#


You could see an eight-headed hydra, a seven-headed hydra and a howler monkey
(confused).

Vanquished Creatures
  A two-headed ogre (D:9)
  A cyclops (D:11)
  2 ugly things (D:11)
  A centaur zombie (D:10)
  Joseph (D:8)
  A komodo dragon (D:11)
  3 trolls
  A queen bee (D:10)
  3 hippogriffs
  The ghost of morbho the Destroyer, an amateur DECj (D:4)
  A wyvern (D:9)
  4 wraiths (D:7)
  A hungry ghost (D:10)
  2 water moccasins
  4 ice beasts
  3 orc warriors
  4 sky beasts
  A black bear (D:11)
  A phantom (D:5)
  An eye of draining (D:11)
  5 ogres
  6 centaurs
  A crocodile (D:7)
  2 big kobolds (D:9)
  5 bullfrogs
  A wyvern skeleton (D:11)
  2 scorpions
  A water moccasin skeleton (D:4)
  20 killer bees
  9 wights
  An electric eel (D:8)
  A howler monkey (D:11)
  4 crimson imps
  A quasit (D:10)
  4 hounds
  5 human zombies (D:7)
  4 jellies
  4 bullfrog zombies
  3 orc priests
  3 bullfrog skeletons
  2 centaur skeletons
  Ijyb (D:2)
  6 worker ants
  An iguana (D:7)
  4 orc wizards
  A hound zombie (D:5)
  An ogre skeleton (D:7)
  33 orcs
  A worker ant zombie (D:6)
  6 river rats (D:5)
  16 adders
  A shadow imp (D:10)
  An adder skeleton (D:8)
  5 worms
  4 dart slugs (D:1)
  7 leopard geckos
  9 giant cockroaches
  6 goblins
  10 hobgoblins
  21 jackals
  16 kobolds
  11 quokkas
  2 bats
  6 frilled lizards
  A leopard gecko zombie (D:7)
  An orc zombie (D:7)
  21 rats
313 creatures vanquished.

Vanquished Creatures (collateral kills)
  A killer bee (D:7)
  A mummy (D:7)
  An orc (D:3)
3 creatures vanquished.

Vanquished Creatures (others)
  A hungry ghost (D:8)
  A killer bee (D:7)
  An orc priest (D:3)
  A kobold (D:2)
  12 plants (D:11)
16 creatures vanquished.

Grand Total: 332 creatures vanquished

Notes
Turn   | Place    | Note
-------+----------+-------------------------------------------
     0 | D:1      | M4edhros the Octopode Artificer began the quest for the Orb.
     0 | D:1      | Reached XP level 1. HP: 13/13 MP: 3/3
    30 | D:1      | Reached skill level 2 in Stealth
   410 | D:1      | Reached skill level 3 in Stealth
   410 | D:1      | Reached XP level 2. HP: 18/18 MP: 4/4
   588 | D:2      | Reached skill level 4 in Stealth
   640 | D:3      | Reached XP level 3. HP: 23/23 MP: 5/5
   774 | D:3      | Found a hazy altar of Hepliaklqana.
   810 | D:3      | Reached skill level 5 in Stealth
  1092 | D:4      | Reached XP level 4. HP: 26/28 MP: 6/6
  1125 | D:4      | Found a staircase to the Ecumenical Temple.
  1181 | Temple   | Entered the Ecumenical Temple
  1337 | Temple   | Became a worshipper of Gozag Ym Sagoz the Greedy
  1421 | D:2      | Noticed Ijyb
  1427 | D:2      | Killed Ijyb
  1476 | D:1      | Reached skill level 6 in Stealth
  1796 | D:2      | Found a stormy altar of Qazlal.
  1811 | D:2      | Found a sparkling altar of Nemelex Xobeh.
  2129 | D:2      | Found a deep blue altar of Sif Muna.
  2286 | D:2      | Found a shattered altar of Ashenzari.
  2525 | D:3      | Reached XP level 5. HP: 31/33 MP: 7/7
  2559 | D:3      | Found a snail-covered altar of Cheibriados.
  2571 | D:3      | Reached skill level 7 in Stealth
  3419 | D:4      | Found a shadowy altar of Dithmenos.
  3450 | D:4      | Noticed an ogre
  3461 | D:4      | Noticed morbho's ghost (amateur DECj)
  3464 | D:4      | Reached skill level 8 in Stealth
  3710 | D:4      | Found Mikekiek's Book Shop.
  3783 | D:5      | Entered Level 5 of the Dungeon
  3919 | D:5      | Reached XP level 6. HP: 18/38 MP: 8/8
  4108 | D:5      | Found an iron altar of Okawaru.
  4285 | D:5      | Reached skill level 9 in Stealth
  4788 | D:5      | Reached skill level 10 in Stealth
  4791 | D:5      | Reached XP level 7. HP: 35/43 MP: 9/9
  5148 | D:5      | Reached skill level 11 in Stealth
  5799 | D:4      | Killed morbho's ghost
  5799 | D:4      | Reached skill level 12 in Stealth
  5799 | D:4      | Reached XP level 8. HP: 33/48 MP: 10/10
  6420 | D:6      | Reached skill level 1 in Slings
  6433 | D:6      | Found a bloodstained altar of Trog.
  6990 | D:6      | Found a blossoming altar of Fedhas.
  7112 | D:5      | Reached XP level 9. HP: 16/56 MP: 11/11
  7597 | D:7      | Reached skill level 5 in Slings
  8793 | D:7      | Reached skill level 5 in Dodging
  8797 | D:7      | You fall through a shaft for 2 floors!
  8797 | D:9      | Noticed a troll
  8798 | D:9      | Killed a troll
  8800 | D:9      | Reached skill level 5 in Fighting
  8800 | D:9      | Reached XP level 10. HP: 66/66 MP: 12/12
  8813 | D:9      | Noticed a two-headed ogre
  8822 | D:9      | Killed a two-headed ogre
  9042 | D:7      | Found an ancient bone altar of Kikubaaqudgha.
  9616 | D:8      | Found a burning altar of Makhleb.
  9618 | D:8      | Found a glowing silver altar of Zin.
  9618 | D:8      | Noticed an Executioner
  9618 | D:8      | Noticed an angel
  9649 | D:8      | Identified a scroll of acquirement
  9853 | D:8      | Noticed Joseph
  9857 | D:8      | Killed Joseph
 10010 | D:6      | Bought the cursed necklace of Bloodlust {*Rage +Rage MR++ Int-3 Slay+6 *Curse} for 899 gold pieces
 10172 | D:9      | Noticed a hand axe
 10173 | D:9      | Noticed a hand axe
 10192 | D:9      | Found a hide-covered altar of Uskayaw.
 10891 | D:9      | Reached XP level 11. HP: 53/74 MP: 14/14
 10991 | D:10     | Entered Level 10 of the Dungeon
 11004 | D:10     | Found a staircase to the Orcish Mines.
 11219 | D:10     | Reached skill level 5 in Evocations
 11554 | D:10     | Identified the Guide on Igneous Displacement
 11560 | D:10     | Learned a level 3 spell: Portal Projectile
 11875 | D:10     | Reached skill level 1 in Translocations
 11980 | Orc:1    | Entered Level 1 of the Orcish Mines
 11994 | Orc:1    | Reached skill level 1 in Hexes
 12156 | D:11     | Noticed a cyclops
 12156 | D:11     | Noticed a seven-headed hydra
 12362 | D:11     | Noticed an eight-headed hydra
 12485 | D:11     | Killed a cyclops
 12485 | D:11     | Reached skill level 10 in Slings
 12485 | D:11     | Reached skill level 1 in Spellcasting
 12508 | D:11     | Found a staircase to the Lair.
 12575 | D:11     | Noticed a purple ugly thing
 12891 | D:11     | Noticed a brown ugly thing
 12911 | D:11     | Killed a white ugly thing
 12913 | D:11     | Killed a white ugly thing
 12919 | D:11     | HP: 4/112 [eight-headed hydra (6)]
 12919 | D:11     | Slain by an eight-headed hydra

Vault maps used:
D:1:      elethiomel_arrival_shortcut
D:2:      led_sif_pool, ashenzari_altar_1, nemelex_xobeh_ov_fountains_minmay,
          grunt_qazlal_clouds, uniq_iyjb
D:3:      cheibriados_altar_1, nicolae_overflow_crystal_walls, first_bread
D:4:      lemuel_crystal_altar, minmay_temple_entry_nine_rooms, serial_shops,
          shop, minmay_hedge_maze, kennysheep_generic_room_8
D:5:      lemuel_ratsnest, okawaru_gym_becter
D:6:      kennysheep_mini_moat, lemuel_doored_altar
D:7:      lemuel_mausoleum_altar_kikubaaqudgha, grunt_ministairs_8
D:8:      grunt_temple_overflow_order_and_chaos_2, fungi_pond_lemuel,
          uniq_joseph
D:9:      dancing_weapons_uskayaw
D:10:     orc_0_dummy, minivault_7
D:11:     david_lair_shrubbed, minmay_misc_feat_alley
Temple:   jpeg_temple_island
Orc:1:    serial_shops, nicolae_shop_stone

Skill      XL: |  1  2  3  4  5  6  7  8  9 10 11 |
---------------+----------------------------------+-----
Stealth        | 3 4 5 6 8 10 12 | 12.9
Slings         | 4 7 9 10 | 10.3
Fighting       | 3 5 6 7 |  7.2
Dodging        | 3 5 6 7 |  7.7
Evocations     | 4 5 |  5.7
Translocations | 2 |  2.0
Hexes          | 2 |  2.2
Spellcasting   | 1 |  1.8
Short Blades   | |  1.0

Action                   |  1- 3 |  4- 6 |  7- 9 | 10-12 || total
-------------------------+-------+-------+-------+-------++-------
Melee: Dagger            |    45 |       |    13 |    36 ||    94
       Short sword       |     6 |       |       |       ||     6
       Constrict         |    14 |    34 |    39 |     7 ||    94
       Tentacles         |     8 |    17 |    34 |     7 ||    66
       Flail             |     8 |   154 |   204 |       ||   366
       Fustibalus        |       |       |       |     5 ||     5
 Fire: Fustibalus        |       |       |    19 |   385 ||   404
Invok: Call Merchant     |       |       |     1 |       ||     1
       Potion Petition   |       |       |       |     1 ||     1
Evoke: Wand              |     4 |     1 |    25 |    21 ||    51
  Use: Scroll            |       |     4 |     5 |    13 ||    22
 Stab: Sleeping          |     8 |    18 |    25 |     3 ||    54
       Distracted        |       |     2 |     3 |     1 ||     6
       Confused          |       |       |     1 |       ||     1
  Eat: Bread ration      |       |     2 |     3 |     2 ||     7
       Royal jelly       |       |     2 |       |     3 ||     5
Armor: Skin              |     7 |    46 |    49 |    11 ||   113
Dodge: Dodged            |    33 |   128 |   145 |   114 ||   420
